 Dungeon Crawl Stone Soup version 0.27-a0-909-g0721f309d1 (webtiles) character file.

Game seed: 9408020621577029245

91 spiderkeys the Sneak (level 4, 0/40 HPs)
             Began as an Octopode Brigand on Apr 9, 2021.
             Was a Follower of Hepliaklqana.
             Slain by Sigmund
             ... wielding a +0 scythe
              (2 damage)
             ... on level 2 of the Dungeon.
             The game lasted 00:01:55 (1192 turns).

spiderkeys the Sneak (Octopode Brigand)             Turns: 1192, Time: 00:01:56

Health: 0/40       AC:  5    Str: 10    XL:     4   Next: 57%
Magic:  4/4        EV: 13    Int: 13    God:    Hepliaklqana [*.....]
Gold:   66         SH:  0    Dex: 14    Spells: 3/3 levels left

rFire    . . .     SeeInvis .   a - +2 dagger
rCold    . . .     Faith    .   (no shield)
rNeg     . . .     Spirit   .   (helmet restricted)
rPois    .         Reflect  .   (no amulet)
rElec    .         Harm     .   e - +4 ring of protection
rCorr    .         Rampage  .   (no ring)
Will     .....                  (no ring)
Stlth    ..........             (no ring)
HPRegen  0.13/turn              (no ring)
MPRegen  0.09/turn              (no ring)
                                (no ring)
                                (no ring)

@: berserking (expiring), very quick
A: reduced essence, almost no armour, amphibious, 8 rings, camouflage 1,
gelatinous body 1, (nimble swimmer 1), tentacles
a: Renounce Religion, Recall Ancestor, Ancestor Identity


You were on level 2 of the Dungeon.
You worshipped Hepliaklqana.
Hepliaklqana was aware of your devotion.
You visited 1 branch of the dungeon, and saw 4 of its levels.

You collected 66 gold pieces.

Inventory:

Hand Weapons
 a - a +2 dagger (weapon)
Missiles
 b - 8 poisoned darts (quivered)
 c - 2 curare-tipped darts
Jewellery
 e - a +4 ring of protection (left tentacle)
 h - an amulet of regeneration
Scrolls
 g - a scroll of identify
 j - a scroll of vulnerability
Potions
 f - a potion of lignification {unknown}
 i - a potion of heal wounds {unknown}


   Skills:
 + Level 2.6 Fighting
 + Level 2.7 Short Blades
 + Level 2.6 Throwing
 + Level 2.0 Dodging
 + Level 5.9 Stealth


You had 3 spell levels left.
You didn't know any spells.
Your spell library was empty.

Dungeon Overview and Level Annotations

Branches:
Dungeon (4/15)
 Temple: D:4-7

Altars:
Hepliaklqana
Trog

Annotations:
D:2 Sigmund


Innate Abilities, Weirdness & Mutations

Your life essence is reduced to manifest your ancestor. (-10% HP)
You cannot wear most types of armour.
You are amphibious.
You can wear up to eight rings at the same time.
Your skin changes colour to match your surroundings (Stealth+).
Your rubbery body absorbs attacks. (AC +1, EV +1)
((You are camouflaged near water. (Stealth+)))
You have tentacles for arms and can constrict up to eight enemies at once.


Message History

Terence hits you from afar with a +2 trident of freezing!
* * * LOW HITPOINT WARNING * * *
Terence freezes you.
* * * LOW HITPOINT WARNING * * *
Something hits Tiberia.
You feel a strong urge to attack something.
A giant cockroach comes into view.
Tiberia barely misses something.
Terence shouts, "DIE!!!"
Terence completely misses you.
You hit Terence. Your grab misses Terence. Your squeeze misses Terence.
Terence is moderately wounded.
Something hits Tiberia.
Tiberia is destroyed!
Terence misses you.
You barely miss Terence.
You hear a shout!
Your grab misses Terence. Your squeeze misses Terence.
Terence is moderately wounded.
You hit Terence. You grab Terence. You squeeze Terence.
Terence is heavily wounded.
You constrict Terence.
Terence hits you with a +2 trident of freezing.
* * * LOW HITPOINT WARNING * * *
Terence freezes you.
* * * LOW HITPOINT WARNING * * *
You hit Terence.
Terence is almost dead.
You constrict Terence, but do no damage.
You hit Terence but do no damage.
Terence is almost dead.
You constrict Terence, but do no damage.
The giant cockroach completely misses you.
Terence barely misses you.
You puncture Terence!
You kill Terence!
The giant cockroach bites you.
* * * LOW HITPOINT WARNING * * *
Something hits you.
You die...

#.# #. #g# #.# #. #.#
##.# #####.# #.#
#.####.<. ....#.. #.#
#........ ##..... ##.#
###... ....... ..# ##.#
##.._.)####.# #.#
.......@..g.##########.#
.......B###.....)..(...#
##.#.#.## ##############
# #. #. #. #. ..


You could see a giant cockroach and a hobgoblin.

Vanquished Creatures
  A water moccasin skeleton (D:4)
  Terence (D:2)
  A hound skeleton (D:4)
  2 dart slugs
  3 ball pythons
  A bat (D:3)
  An endoplasm (D:1)
  A giant cockroach (D:2)
  3 goblins
  6 hobgoblins
  A quokka (D:2)
  A frilled lizard (D:1)
  2 kobolds (D:2)
24 creatures vanquished.

Vanquished Creatures (others)
  2 ancestors
2 creatures vanquished.

Grand Total: 26 creatures vanquished

Notes
Turn   | Place    | Note
-------+----------+-------------------------------------------
     0 | D:1      | spiderkeys the Octopode Brigand began the quest for the
                  | Orb.
     0 | D:1      | Reached XP level 1. HP: 14/14 MP: 1/1
    11 | D:1      | Noticed a merfolk zombie
    17 | D:1      | Noticed a minotaur zombie
   228 | D:1      | Reached XP level 2. HP: 19/19 MP: 2/2
   535 | D:2      | You fall into a shaft and drop 2 floors!
   542 | D:4      | Reached XP level 3. HP: 25/25 MP: 3/3
   612 | D:4      | Reached XP level 4. HP: 15/30 MP: 4/4
   959 | D:3      | Found a faded altar of an unknown god.
   963 | D:3      | Noticed an orc warrior
   967 | D:3      | Became a worshipper of Hepliaklqana the Forgotten
   967 | D:3      | Reached * piety under Hepliaklqana
  1175 | D:2      | Noticed Sigmund
  1176 | D:2      | Found a bloodstained altar of Trog.
  1183 | D:2      | Noticed Terence
  1192 | D:2      | Killed Terence
  1192 | D:2      | HP: 2/40 [giant cockroach (1)]
  1192 | D:2      | Slain by Sigmund

Illustrated notes

Levels and vault maps discovered:
D:1:      shiori_arrival_whats_in_store_for_you, layout_basic
D:2:      layout_loops_ring, basic_altar, minmay_randomly_rotated_circles,
          uniq_sigmund, uniq_terence
D:3:      layout_loops_ring, nicolae_uskayaw_suspiria,
          gammafunk_temple_overflow_claw, tgw_trog, basic_ecumenical_altar
D:4:      layout_basic, riverfiend_overflow_shadow_ancestor, lemuel_round_altar,
          lemuel_coloured_pillars_altar

Skill      XL: |  1  2  3 |
---------------+----------+-----
Dodging        | 2 |  2.0
Fighting       | |  2.6
Short Blades   | |  2.7
Throwing       | |  2.6
Stealth        | |  5.9

Action                   |  1- 3 |  4- 6 || total
-------------------------+-------+-------++-------
Melee: Dagger            |    35 |    21 ||    56
       Constrict         |     7 |     3 ||    10
       Tentacles         |     5 |     3 ||     8
  Use: Scroll            |       |     1 ||     1
       Potion            |       |     1 ||     1
 Stab: Sleeping          |     7 |     2 ||     9
Armor: Skin              |     9 |     1 ||    10
Dodge: Dodged            |    11 |    17 ||    28

Table legend: (Time is in decaauts)
 A = Elapsed time spent in this place.
 B = Non-inter-level travel time spent in this place.
 C = Inter-level travel time spent in this place.
 D = Time resting spent in this place.
 E = Time spent auto-exploring this place.
 F = Levels seen in this place.
 G = Mean time per level.
                   A        B        C        D        E       F      G
               +--------+--------+--------+--------+--------+-----+--------+
         Total |   1183 |   1180 |      3 |      0 |    973 |   4 |  295.8 |
       Dungeon |   1183 |   1180 |      3 |      0 |    973 |   4 |  295.8 |
               +--------+--------+--------+--------+--------+-----+--------+

Top non-repeatable levels by time:
     D:1: 504 daAuts
     D:4: 236 daAuts
     D:3: 227 daAuts
     D:2: 214 daAuts
